 Dungeon Crawl Stone Soup version 0.23-a0-841-g41928f0 (webtiles) character file.

32 JeffiDaFish the Grave Robber (level 3, -4/14 HPs)
             Began as a Vine Stalker Necromancer on Jan 25, 2019.
             Slain by Terence
             ... wielding a +0 mace
              (5 damage)
             ... on level 2 of the Dungeon.
             The game lasted 00:02:21 (1788 turns).

JeffiDaFish the Grave Robber (VSNe)                 Turns: 1788, Time: 00:02:22

Health: -4/14      AC:  3    Str: 10    XL:     3   Next: 27%
Magic:  0/7        EV: 12    Int: 14    God:
Gold:   57         SH:  0    Dex: 14    Spells: 0/7 levels left

rFire    . . .     SeeInvis +   d - +0 spear
rCold    . . .     Gourm    .   (no shield)
rNeg     + . .     Faith    .   a - +1 robe
rPois    .         Spirit   +   (no helmet)
rElec    .         Reflect  .   (no cloak)
rCorr    .         Harm     .   (no gloves)
MR       .....                  (no boots)
Stlth    ++........             b - amulet of the acrobat
HPRegen  0.04/turn              e - ring of positive energy
MPRegen  0.10/turn              i - ring of see invisible

@: no status effects
A: fangs 2, talons 1, dopey 1, frail 1, magic shield, antimagic bite, no potion
heal 3, rot immunity
a: no special abilities


You were on level 2 of the Dungeon.
You were hungry.

You visited 1 branch of the dungeon, and saw 2 of its levels.

You collected 57 gold pieces.

Inventory:

Hand Weapons
 d - a +0 spear (weapon)
Armour
 a - a +1 robe (worn)
Jewellery
 b - an amulet of the acrobat (around neck)
 e - a ring of positive energy (left hand)
 i - a ring of see invisible (right hand)
Scrolls
 f - a scroll of teleportation {unknown}
Comestibles
 c - 3 rations


   Skills:
 + Level 2.0 Dodging
 - Level 2.4 Stealth
 + Level 2.6 Spellcasting
 * Level 4.5 Necromancy


You couldn't memorise any spells.
You knew the following spells:

 Your Spells              Type           Power        Failure   Level  Hunger
a - Pain                  Necr           ##..         3%          1    #......
b - Vampiric Draining     Necr           ##........   11%         3    ###....
c - Regeneration          Chrm/Necr      #.........   26%         3    ###....

Your spell library contained the following spells:

 Spells                   Type           Power        Failure   Level  Hunger
 Animate Skeleton         Necr           N/A          3%          1    #......
 Animate Dead             Necr           N/A          34%         4    #####..


Dungeon Overview and Level Annotations

Branches:
Dungeon (2/15)

Altars:

Annotations:
D:2 Terence


Innate Abilities, Weirdness & Mutations

You have extremely sharp teeth.
When hurt, damage is shared between your health and your magic reserves.
Your bite disrupts and absorbs the magic of your enemies.
Potions cannot restore your health.
You are immune to rotting.
You have sharp toenails.
You are dopey. (Int -2)
You are frail. (-10% HP)


Message History

Aim: Terence, wielding a +0 mace and wearing a +0 chain mail (moderately wounded, chance to defeat MR: 79%) Terence writhes in agony!
Terence hits you with a +0 mace.
Casting: Pain (safe; 3% risk of failure)
Confirm with . or Enter, or press ? or * to list all spells.
You don't have enough magic to cast that spell.
Unknown command.
You hit Terence but do no damage. You claw Terence.
Terence is heavily wounded.
Terence hits you but does no damage.
You closely miss Terence.
Terence is heavily wounded.
Terence hits you with a +0 mace.
You hit Terence but do no damage. You claw Terence, but do no damage.
Terence is heavily wounded.
Terence hits you with a +0 mace.
* * * LOW HITPOINT WARNING * * *
Terence closely misses you.
There is a stone staircase leading up here.
Terence hits you with a +0 mace.
You die...

#.# #.# #.#
#[#.### #.#...
#.#..#####
#.#..#...# #
#.#@@....# #..
#.#.....<#.#
#..).#..........#
#>....%#..#.###
#.#...##..#.#
.......##..#.#
#.......##..#.#
.....#####..#.#
#..>. #..#.#


You could see Terence.

Vanquished Creatures
  An adder (D:2)
  A leopard gecko (D:2)
  5 goblins
  6 hobgoblins
  2 kobolds (D:1)
  5 rats (D:1)
20 creatures vanquished.

Notes
Turn   | Place    | Note
-------+----------+-------------------------------------------
     0 | D:1      | JeffiDaFish the Vine Stalker Necromancer began the quest
                  | for the Orb.
     0 | D:1      | Reached XP level 1. HP: 9/9 MP: 4/4
   412 | D:1      | Reached XP level 2. HP: 10/13 MP: 1/6
  1338 | D:1      | Gained mutation: You are dopey. (Int -2) [potion of
                  | mutation]
  1338 | D:1      | Gained mutation: You are frail. (-10% HP) [potion of
                  | mutation]
  1338 | D:1      | Gained mutation: You have sharp toenails. [potion of
                  | mutation]
  1516 | D:2      | Noticed Terence
  1521 | D:2      | Reached XP level 3. HP: 9/14 MP: 1/7
  1771 | D:1      | Learned a level 3 spell: Vampiric Draining
  1775 | D:1      | Learned a level 3 spell: Regeneration
  1788 | D:2      | Slain by Terence

Vault maps used:
D:1:      minmay_arrival_solitary_statue
D:2:      lemuel_coloured_pillars_altar, overflow_temple_1_default,
          uniq_terence, uniq_sigmund

Skill      XL: |  1  2 |
---------------+-------+-----
Dodging        | 2 |  2.0
Stealth        | |  2.4
Spellcasting   | |  2.6
Necromancy     | |  4.5

Action                   || total
-------------------------++-------
Melee: Unarmed           ||     2
       Bite              ||     3
       Spear             ||    31
       Kick              ||     2
 Cast: Pain              ||    26
  Use: Potion            ||     3
       Scroll            ||     2
 Stab: Sleeping          ||     3
  Eat: Chunk             ||     2
Armor: Robe              ||     6
Dodge: Dodged            ||    13

Table legend:
 A = Non-vault XP
 B = Vault XP
 C = Vault XP percentage of total XP
 D = Non-vault monster count
 E = Vault monster count
 F = Vault count percentage of total count
                 A         B        C        D         E       F
            +---------+---------+-------+---------+---------+-------
      Total |      47 |       0 |   0.0 |      20 |       0 |   0.0
            +---------+---------+-------+---------+---------+-------
        D:1 |      26 |       0 |   0.0 |      16 |       0 |   0.0
        D:2 |      21 |       0 |   0.0 |       4 |       0 |   0.0
            +---------+---------+-------+---------+---------+-------
